 Dungeon Crawl Stone Soup version 0.21.0-25-ge575cb9 (webtiles) character file.

216495 Moloch the Fencer (level 18, -2/149 HPs)
             Began as a Mummy Fighter on Jan 23, 2018.
             Was the Champion of Okawaru.
             Slain by a fire giant simulacrum (8 damage)
             ... on level 3 of the Depths.
             The game lasted 01:33:48 (38727 turns).

Moloch the Fencer (Mummy Fighter)                  Turns: 38727, Time: 01:33:48

Health: -2/149     AC: 23    Str: 26    XL:     18   Next: 73%
Magic:  0/21       EV: 22    Int:  9    God:    Okawaru [******]
Gold:   1569       SH:  0    Dex: 27    Spells: 19/21 levels left

rFire    + . .     SeeInvis +   H - +10 great sword of Noon {freeze, Str+4 Dex+5}
rCold    + . .     Gourm    .   (shield currently unavailable)
rNeg     + + +     Faith    .   J - +6 faerie dragon scales {rElec rCorr}
rPois    ∞         Spirit   +   U - +0 helmet {SInv}
rElec    +         Reflect  .   j - scarf {rC+ rF+}
rCorr    +         Harm     .   W - +2 pair of gloves {Dex+3}
MR       ++...                  G - +2 pair of boots of the Six Wishes {Str+2 Int+2 Stlth+}
Stlth    +++.......             d - amulet of guardian spirit
HPRegen  0.34/turn              C - +4 ring of slaying
MPRegen  0.17/turn              h - ring of fire

@: about to teleport
A: no food or potions, fire vulnerability, cold resistance 1, negative energy
resistance 3, torment resistance, unbreathing, in touch with death 1
a: Heroism, Finesse, Renounce Religion


You were on level 3 of the Depths.
You worshipped Okawaru.
Okawaru was exalted by your worship.
You were not hungry.

You visited 5 branches of the dungeon, and saw 28 of its levels.
You also visited: Sewer.

You collected 3492 gold pieces.
You spent 1923 gold pieces at shops.

Inventory:

Hand Weapons
 u - a +0 blowgun
 F - the +5 great sword "Kapu" {flame, rF+ MR+}
   (You found it on level 10 of the Dungeon)

   It has been specially enchanted to burn those struck by it, causing extra
   injury to most foes and up to half again as much damage against particularly
   susceptible opponents.
   Big, fiery blades are also staple armaments of hydra-hunters.
   It protects you from fire.
   It affects your resistance to hostile enchantments.
 H - the +10 great sword of Noon (weapon) {freeze, Str+4 Dex+5}
   (Okawaru gifted it to you on level 4 of the Lair of Beasts)

   It has been specially enchanted to freeze those struck by it, causing extra
   injury to most foes and up to half again as much damage against particularly
   susceptible opponents.
   It can also slow down cold-blooded creatures.
   It affects your strength (+4).
   It affects your dexterity (+5).
 P - a +4 triple sword of flaming
Missiles
 a - 2 javelins of penetration (quivered)
 m - 21 javelins
 x - 7 silver javelins
 N - 3 throwing nets
Armour
 j - a scarf of resistance (worn)
 p - the +0 pair of boots of Discretion {rElec Slay+2 SInv}
   (You acquired it on level 3 of the Depths)

   It affects your accuracy and damage with ranged weapons and melee attacks
   (+2).
   It insulates you from electricity.
   It lets you see invisible.
 r - the +1 cloak of Midnight {rC+ MR+}
   (Okawaru gifted it to you on level 3 of the Depths)

   It protects you from cold.
   It affects your resistance to hostile enchantments.
 s - the +0 pair of boots of the Vaults {*Corrode rPois rC+ Dex+2}
   (You found it on level 7 of the Dungeon)

   It affects your dexterity (+2).
   It protects you from cold.
   It protects you from poison.
   It may corrode you when you take damage.
 B - a +3 plate armour of fire resistance
 G - the +2 pair of boots of the Six Wishes (worn) {Str+2 Int+2 Stlth+}
   (Okawaru gifted it to you on level 1 of the Depths)

   It affects your strength (+2).
   It affects your intelligence (+2).
   It makes you more stealthy.
 J - the +6 faerie dragon scales (worn) {rElec rCorr}
   (You took it off the Enchantress on level 2 of the Depths)

   It insulates you from electricity.
   It protects you from acid and corrosion.
 U - a +0 helmet of see invisible (worn)
 W - a +2 pair of gloves of dexterity (worn)
Jewellery
 d - an amulet of guardian spirit (around neck)
 h - a ring of fire (right hand)
 l - an uncursed ring of see invisible
 q - an uncursed ring of protection from magic
 y - the ring "Cauvicah" {rC+ MP+9 Dex+4}
   (You found it on level 6 of the Dungeon)

   [ring of magical power]

   It affects your dexterity (+4).
   It protects you from cold.
   It affects your magic capacity (+9).
 C - a +4 ring of slaying (left hand)
 Q - an uncursed ring of flight
 S - an uncursed amulet of faith
Wands
 b - a wand of random effects (16)
 c - a wand of polymorph (16)
 t - a wand of flame (136)
 v - a wand of paralysis (16)
 w - a wand of digging (2)
 D - a wand of acid (23)
 K - a wand of disintegration (34)
 M - a wand of iceblast (3)
Scrolls
 e - 5 scrolls of enchant weapon
 f - 12 scrolls of identify
 g - 3 scrolls of amnesia
 i - 8 scrolls of magic mapping
 k - 10 scrolls of teleportation
 n - 3 scrolls of immolation
 o - 9 scrolls of remove curse
 z - 6 scrolls of fog
 I - a scroll of torment
 L - 2 scrolls of brand weapon
 O - 3 scrolls of enchant armour
 R - 2 scrolls of summoning
Books
 E - a book of Necromancy

   Spells                             Type                      Level
   a - Pain                           Necromancy                   1
   b - Animate Skeleton               Necromancy                   1
   c - Vampiric Draining              Necromancy                   3
   d - Regeneration                   Charms/Necromancy            3
   e - Animate Dead                   Necromancy                   4
   f - Borgnjor's Vile Clutch         Necromancy/Earth             5
Miscellaneous
 A - a fan of gales
 V - a phantom mirror


   Skills:
 + Level 15.2 Fighting
 + Level 20.8 Long Blades
 * Level 10.1 Armour
 * Level 10.1 Dodging
   Level 2.4 Shields
 * Level 2.3 Spellcasting


You had 19 spell levels left.
You knew the following spells:

 Your Spells              Type           Power        Failure   Level  Hunger
a - Apportation           Tloc           #.....       36%         1    N/A
b - Summon Butterflies    Summ           #.......     36%         1    N/A

Dungeon Overview and Level Annotations

Branches:
Dungeon (15/15)            Temple (1/1) D:5            Lair (6/6) D:9
 Shoals (0/4) Lair:4       Spider (0/4) Lair:3          Orc (2/2) D:10
    Elf (0/3) Orc:2        Vaults (0/5) D:13         Depths (4/5) D:15
  Slime: Lair:5-6

Altars:
Ashenzari
Cheibriados
Dithmenos
Elyvilon
Fedhas
Gozag
Hepliaklqana
Kikubaaqudgha
Makhleb
Nemelex Xobeh
Okawaru
Qazlal
Sif Muna
Trog
Uskayaw
Vehumet
Wu Jian
Xom
Yredelemnul
Zin
The Shining One

Shops:
D:5 *   D:12 =   D:15 *   Orc:2 (!}!   Depths:2 [[   Depths:3 **%[

Portals:
Hell: Depths:1 Depths:2 Depths:3
Pandemonium: Orc:2 Depths:1 Depths:3
Ziggurat: Depths:2

Annotations:
D:2 Jessica
D:8 exclusion: oklob plant
Lair:5 exclusion: 3 oklob plants


Innate Abilities, Weirdness & Mutations

You do not eat or drink.
Your flesh is vulnerable to fire.
You are immune to poison.
Your flesh is cold resistant. (rC+)
You are immune to negative energy. (rN+++)
You are immune to unholy pain and torment.
You can survive without breathing.
You are in touch with the powers of death.


Message History

* * * LOW HITPOINT WARNING * * *
Unknown command.
Unknown command.
Unknown command.
Unknown command.
As you read the scroll of teleportation, it crumbles to dust.
You feel strangely unstable.
The ettin gibbers meaninglessly.
The spriggan air mage barely misses you.
The fire giant simulacrum misses you.
Unknown command.
Unknown command.
You slice the spriggan air mage!! You freeze the spriggan air mage!
The spriggan air mage is heavily wounded.
You slice the spriggan air mage!! You freeze the spriggan air mage!
You kill the spriggan air mage!
Okawaru accepts your kill.
The ettin tries to recover its lost courage.
The fire giant simulacrum hits you!
You die...

.....###.##.##.)# ..≈≈#....#
.#..[.......(.((###.⌠##....#
............##...#..##......
.#..........###.(..).'......
.#...........c.......'......
............##...).i.'......
.......).∩......p#..##......
.....##########Z[##)⌠##....#
............C...@#..≈≈#....#
#....#############...≈# %[##
#....# ##..≈p# ## #....#
#...y≈≈ #....# ##.....
#....# #..... ....#


You could see an ettin (fleeing), a hell knight, a yaktaur (fleeing) and a fire
giant simulacrum.

Vanquished Creatures
  Jory (Depths:2)
  the Enchantress (Depths:2)
  Jorgrun (Depths:2)
  A tentacled monstrosity (Depths:3)
  A titan (Depths:2)
  Kirke (D:12)
  Agnes (D:14)
  2 tengu reavers (Depths:2)
  A cacodemon (Depths:1)
  3 fire giants
  8 frost giants
  A juggernaut zombie (Depths:2)
  An orc warlord (D:10)
  5 very ugly things
  3 spriggan defenders
  A juggernaut skeleton (Depths:2)
  A caustic shrike skeleton (Depths:2)
  9 stone giants
  A lorocyproca (Depths:3)
  6 spark wasps
  4 ettins
  Snorg (Orc:2)
  2 merfolk impalers
  8 ogre magi
  2 fire dragons (Depths:2)
  Fannar (D:11)
  7 ice dragons
  2 yaktaur captains
  3 great orbs of eyes
  A monstrous demonspawn (Depths:3)
  Erolcha (D:11)
  5 hydras
  6 rakshasas
  Harold (Lair:1)
  A catoblepas (D:14)
  A merfolk avatar (Lair:6)
  2 spriggan air magi
  A quicksilver dragon skeleton (Depths:2)
  5 centaur warriors
  39 two-headed ogres
  2 dancing weapons (D:13)
  A deep troll shaman (Depths:1)
  2 vampire magi
  6 tengu warriors
  4 deep troll earth magi
  10 orc high priests
  2 spriggan berserkers
  Urug (Lair:4)
  A storm dragon zombie (Depths:3)
  Sonja (Lair:4)
  Nergalle (Lair:4)
  A sixfirhy (Depths:1)
  An infernal demonspawn (Orc:2)
  11 deep trolls
  5 unseen horrors
  A sea snake (shapeshifter) (Depths:1)
  A sea snake (Lair:6)
  2 torturous demonspawn (Orc:2)
  3 golden dragon skeletons
  A deep elf archer (D:15)
  5 necromancers
  Pikel (D:3)
  A sphinx zombie (Depths:2)
  A harpy (Lair:6)
  5 orc knights (Orc:2)
  8 orc sorcerers
  2 deep elf magi
  2 iron dragon zombies (Depths:3)
  2 tengu skeletons
  5 cyclopes
  10 slime creatures
  8 elephants (Lair:6)
  29 ugly things
  A merfolk siren (Lair:4)
  A centaur zombie (D:14)
  Maurice (Orc:2)
  2 rust devils
  Joseph (D:8)
  An iron dragon skeleton (Depths:3)
  4 manticores
  A molten gargoyle (Lair:4)
  5 black mambas
  A black mamba (shapeshifter) (D:13)
  A gargoyle (D:12)
  2 rime drakes
  2 smoke demons
  8 komodo dragons
  17 spiny frogs
  3 freezing wraiths (D:15)
  3 ice devils
  An efreet (D:15)
  14 yaktaurs
  A queen bee (D:12)
  6 meliai
  5 tengu conjurers
  10 hornets
  3 polar bears (Lair:6)
  6 trolls
  A jumping spider (Lair:3)
  3 merfolk (Lair:4)
  A troll (shapeshifter) (Depths:1)
  Grinder (D:4)
  A wind drake (shapeshifter) (Depths:3)
  10 hippogriffs
  A hippogriff (shapeshifter) (D:12)
  A redback (Lair:3)
  A spriggan skeleton (Depths:2)
  2 spriggans
  4 wyverns (Lair:6)
  A stone giant simulacrum (Depths:2)
  2 tarantellas (shapeshifter)
  32 yaks
  9 water elementals
  3 shadows
  A golden eye (Lair:6)
  A steam dragon (D:15)
  5 wraiths
  A hog (shapeshifter) (Depths:3)
  The ghost of troglodite the Charmwright, an amateur GnSk (D:4)
  A hog (D:12)
  2 neqoxecs
  5 basilisks
  7 wargs
  Menkaure (D:5)
  2 hungry ghosts
  A naga (shapeshifter) (Depths:1)
  4 vampire mosquitoes
  A soldier ant (shapeshifter) (Depths:2)
  A warg (shapeshifter) (Depths:1)
  A soldier ant (D:10)
  5 acid dragons
  3 porcupines
  10 water moccasins
  A floating eye (shapeshifter) (Depths:1)
  41 orc warriors
  3 sky beasts
  4 eyes of draining
  2 slaves (D:4)
  4 necrophages (D:9)
  2 phantoms
  2 black bears
  3 ice beasts
  A spriggan simulacrum (Depths:2)
  20 ogres
  4 boggarts
  8 centaurs
  5 wolves (Lair:3)
  17 crocodiles
  2 big kobolds
  A gnoll sergeant (D:8)
  19 bullfrogs
  A wyvern skeleton (D:10)
  2 scorpions
  A troll zombie (D:9)
  20 killer bees
  6 howler monkeys
  2 wights (D:9)
  3 electric eels (D:6)
  10 crimson imps
  2 quasits
  A bullfrog zombie (D:7)
  A human zombie (D:9)
  2 hounds
  A jelly (D:5)
  6 centaur skeletons
  31 orc priests
  21 orc wizards
  Crazy Yiuf (D:4)
  A bullfrog skeleton (D:12)
  5 iguanas
  Natasha (thrice) (D:2 D:3)
  A human skeleton (D:9)
  7 worker ants
  A hound skeleton (D:3)
  3 worker ant zombies
  4 gnolls (D:8)
  8 adders
  5 shadow imps
  An ufetubus (Depths:1)
  2 adder skeletons
  An adder zombie (D:9)
  A worm (D:2)
  A dart slug (D:4)
  6 leopard geckos
  92 orcs
  9 giant cockroaches
  8 hobgoblins
  13 jackals
  23 kobolds
  4 quokkas
  4 ball pythons
  8 bats
  4 frilled lizards
  A giant cockroach zombie (D:6)
  9 goblins
  A leopard gecko zombie (D:6)
  An orc skeleton (D:9)
  25 rats
1006 creatures vanquished.

Vanquished Creatures (collateral kills)
  A juggernaut (Depths:1)
  A slime creature (Depths:1)
  2 shadow imps (Depths:1)
  An ufetubus (Depths:1)
5 creatures vanquished.

Vanquished Creatures (others)
  2 humans (D:12)
  A worker ant (D:12)
  2 orcs
  90 plants
  15 toadstools (D:8)
110 creatures vanquished.

Grand Total: 1121 creatures vanquished

Notes
Turn   | Place    | Note
-------+----------+-------------------------------------------
     0 | D:1      | Moloch the Mummy Fighter began the quest for the Orb.
     0 | D:1      | Reached XP level 1. HP: 18/18 MP: 1/1
   178 | D:1      | Reached XP level 2. HP: 21/24 MP: 2/2
   190 | D:1      | Reached skill level 2 in Long Blades
   575 | D:2      | Noticed Natasha
   600 | D:2      | Killed Natasha
   600 | D:2      | Reached XP level 3. HP: 28/30 MP: 3/3
   750 | D:2      | Reached XP level 4. HP: 27/37 MP: 4/4
   905 | D:2      | Reached skill level 3 in Long Blades
   954 | D:2      | Noticed Natasha
   966 | D:2      | Killed Natasha
  1224 | D:2      | Noticed an orc warrior
  1225 | D:2      | Noticed Jessica
  1414 | D:2      | Noticed Natasha
  1425 | D:3      | Killed Natasha
  1430 | D:3      | Reached XP level 5. HP: 37/42 MP: 5/5
  1472 | D:3      | Found a hazy altar of Hepliaklqana.
  1474 | D:3      | Found a hide-covered altar of Uskayaw.
  1992 | D:3      | Reached skill level 4 in Long Blades
  2360 | D:3      | Reached XP level 6. HP: 48/48 MP: 6/6
  2555 | D:3      | Reached skill level 5 in Long Blades
  2756 | D:4      | Noticed a slave
  2757 | D:4      | Noticed a slave
  2846 | D:4      | Noticed a slave
  2853 | D:4      | Noticed Pikel
  2854 | D:4      | Noticed a slave
  2938 | D:4      | Killed a slave
  2950 | D:4      | Noticed troglodite's ghost (amateur GnSk)
  3346 | D:4      | Killed a slave
  3772 | D:4      | Found a runed door.
  3776 | D:4      | Noticed Crazy Yiuf
  3780 | D:4      | Killed Crazy Yiuf
  3866 | D:3      | Killed Pikel
  3866 | D:3      | Reached skill level 5 in Fighting
  3866 | D:3      | Reached skill level 6 in Long Blades
  3866 | D:3      | Reached XP level 7. HP: 27/56 MP: 7/7
  4053 | D:4      | Killed troglodite's ghost
  4053 | D:4      | Reached skill level 7 in Long Blades
  4053 | D:4      | Reached XP level 8. HP: 46/62 MP: 8/8
  4096 | D:4      | Found a white marble altar of Elyvilon.
  4099 | D:4      | Noticed Grinder
  4118 | D:4      | Paralysed by Grinder for 6 turns
  4130 | D:4      | Killed Grinder
  4248 | D:5      | Entered Level 5 of the Dungeon
  4547 | D:5      | Got a faintly humming plate armour
  4558 | D:5      | Identified the +1 plate armour "Cezxato" {Str+6} (You found it on level 5 of the Dungeon)
  4605 | D:5      | Found a shimmering altar of Xom.
  4737 | D:5      | Found Hiugrugi's Assorted Antiques.
  4844 | D:5      | Bought a short ivory wand for 104 gold pieces
  4844 | D:5      | Bought a scroll labeled AMENOFYECS for 26 gold pieces
  4844 | D:5      | Bought a scroll labeled KUSYKKAFREN for 26 gold pieces
  4844 | D:5      | Bought a scroll labeled AMENOFYECS for 26 gold pieces
  4856 | D:5      | Learned a level 1 spell: Apportation
  4881 | D:5      | Reached skill level 8 in Long Blades
  4985 | D:5      | Noticed Menkaure
  4997 | D:5      | Killed Menkaure
  5172 | D:5      | Found a staircase to the Ecumenical Temple.
  5404 | Temple   | Entered the Ecumenical Temple
  5583 | Temple   | Became a worshipper of Warmaster Okawaru
  6005 | D:6      | Found a bloodstained altar of Trog.
  6005 | D:6      | Found a faded altar of an unknown god.
  6078 | D:6      | Reached XP level 9. HP: 42/70 MP: 5/9
  6097 | D:6      | Found a glowing drain.
  6180 | Sewer    | Entered a sewer
  6524 | Sewer    | Reached skill level 9 in Long Blades
  6828 | D:6      | Got a flickering iron ring
  6836 | D:6      | Identified the ring "Cauvicah" {rC+ MP+9 Dex+4} (You found it on level 6 of the Dungeon)
  6867 | D:6      | Found a stormy altar of Qazlal.
  6871 | D:6      | Reached * piety under Okawaru
  7059 | D:6      | Found a faded altar of an unknown god.
  7061 | D:6      | Found a burning altar of Makhleb.
  7063 | D:6      | Found a snail-covered altar of Cheibriados.
  7173 | D:7      | Found a glowing silver altar of Zin.
  7174 | D:7      | Found an opulent altar of Gozag.
  7630 | D:7      | Found an ancient bone altar of Kikubaaqudgha.
  7725 | D:7      | Noticed an eight-headed hydra
  7726 | D:7      | Found the tattered robe
  8170 | D:7      | Reached skill level 10 in Long Blades
  8210 | D:7      | Got a pair of ancient boots
  8221 | D:7      | Identified the cursed +0 pair of boots of the Vaults {*Corrode rPois rC+ Dex+2} (You found it on level 7 of the Dungeon)
  8549 | D:8      | Noticed Joseph
  8567 | D:8      | Killed Joseph
  9007 | D:8      | Found a shattered altar of Ashenzari.
  9049 | D:8      | Found a blossoming altar of Fedhas.
  9069 | D:8      | Noticed an oklob plant
  9352 | D:8      | Reached ** piety under Okawaru
  9352 | D:8      | Reached XP level 10. HP: 76/79 MP: 10/10
  9398 | D:9      | Noticed a two-headed ogre
  9412 | D:9      | Killed a two-headed ogre
  9412 | D:9      | Reached skill level 11 in Long Blades
  9497 | D:9      | Noticed a two-headed ogre
  9508 | D:9      | Killed a two-headed ogre
 10097 | D:9      | Found a staircase to the Lair.
 10129 | D:9      | Reached *** piety under Okawaru
 10132 | D:9      | Reached skill level 12 in Long Blades
 10262 | D:9      | Found an ancient bone altar of Kikubaaqudgha.
 10596 | D:10     | Entered Level 10 of the Dungeon
 10614 | D:10     | Found a staircase to the Orcish Mines.
 10667 | D:10     | Killed an unseen horror
 10667 | D:10     | Reached **** piety under Okawaru
 10667 | D:10     | Reached XP level 11. HP: 36/87 MP: 9/11
 11193 | D:10     | Got a brightly glowing great sword
 11199 | D:10     | Identified the +5 great sword "Kapu" {flame, rF+ MR+} (You found it on level 10 of the Dungeon)
 11273 | D:10     | Noticed a white ugly thing
 11390 | D:10     | Noticed a two-headed ogre
 11397 | D:10     | Killed a two-headed ogre
 11397 | D:10     | Reached skill level 13 in Long Blades
 11506 | D:11     | Noticed a green ugly thing
 11512 | D:11     | Killed a green ugly thing
 11576 | Lair:1   | Entered Level 1 of the Lair of Beasts
 11654 | Lair:1   | Reached ***** piety under Okawaru
 12204 | Lair:1   | Received a gift from Okawaru
 12223 | Lair:1   | Noticed Harold
 12244 | Lair:1   | Killed Harold
 12244 | Lair:1   | Reached skill level 14 in Long Blades
 12915 | Lair:2   | Reached XP level 12. HP: 96/96 MP: 12/12
 13683 | Lair:3   | Reached skill level 1 in Dodging
 14095 | Lair:3   | Reached skill level 15 in Long Blades
 14263 | Lair:3   | Found a hole to the Spider Nest.
 14571 | Lair:4   | Noticed Urug
 14817 | Lair:4   | Killed Urug
 14836 | Lair:4   | Noticed Sonja
 14842 | Lair:4   | Killed Sonja
 14842 | Lair:4   | Reached skill level 10 in Fighting
 14917 | Lair:4   | Received a gift from Okawaru
 14920 | Lair:4   | Got a fine great sword {god gift}
 15055 | Lair:4   | Identified the +10 great sword of Noon {freeze, Str+4 Dex+5} (Okawaru gifted it to you on level 4 of the Lair of Beasts)
 15121 | Lair:4   | Noticed a seven-headed hydra
 15129 | Lair:4   | Killed a three-headed hydra
 15374 | Lair:4   | Noticed Nergalle
 15386 | Lair:4   | Killed Nergalle
 15517 | Lair:4   | Found a staircase to the Shoals.
 15528 | Lair:4   | Gained mutation: You are in touch with the powers of death. [Mummy growth]
 15528 | Lair:4   | Reached XP level 13. HP: 59/103 MP: 13/13
 16242 | Lair:5   | Identified Sif Muna's Catalogue of Twisted Ice
 16742 | Lair:5   | Reached ****** piety under Okawaru
 16774 | Lair:6   | Entered Level 6 of the Lair of Beasts
 17275 | Lair:6   | Reached skill level 16 in Long Blades
 17355 | Lair:6   | Received a gift from Okawaru
 18114 | Lair:6   | Received a gift from Okawaru
 18114 | Lair:6   | Reached skill level 5 in Armour
 18389 | Orc:1    | Entered Level 1 of the Orcish Mines
 18396 | Orc:1    | Noticed an orc warlord
 18878 | D:10     | Killed an orc warlord
 19444 | Orc:1    | Received a gift from Okawaru
 19718 | Orc:2    | Entered Level 2 of the Orcish Mines
 19721 | Orc:2    | Reached XP level 14. HP: 103/111 MP: 14/14
 19777 | Orc:2    | Noticed Maurice
 19799 | Orc:2    | Killed Maurice
 20519 | Orc:2    | Found a staircase to the Elven Halls.
 20884 | Orc:2    | Found Emanef's Distillery.
 20886 | Orc:2    | Found Joaptith's Distillery.
 21008 | Orc:2    | Noticed Snorg
 21029 | Orc:2    | Killed Snorg
 21029 | Orc:2    | Reached skill level 17 in Long Blades
 21690 | Orc:2    | Reached skill level 5 in Dodging
 21949 | Orc:2    | Received a gift from Okawaru
 21993 | Orc:2    | Found Impury's Antique Weapon Boutique.
 21993 | Orc:2    | Found Neoptip's Gadget Shop.
 21996 | Orc:2    | Found a one-way gate leading to the halls of Pandemonium.
 22000 | Orc:2    | Bought a phantom mirror for 480 gold pieces
 22291 | D:11     | Noticed Erolcha
 22295 | D:11     | Killed Erolcha
 22295 | D:11     | Received a gift from Okawaru
 22590 | D:11     | Noticed Fannar
 22605 | D:11     | Killed Fannar
 23499 | D:12     | Found Suinid's Jewellery Shoppe.
 23541 | D:12     | Noticed Kirke
 23560 | D:12     | Killed Kirke
 23588 | D:12     | Reached XP level 15. HP: 94/119 MP: 15/15
 23763 | D:12     | Reached skill level 18 in Long Blades
 24263 | D:13     | Found a gate to the Vaults.
 25311 | D:14     | Found an opulent altar of Gozag.
 25405 | D:14     | Received a gift from Okawaru
 25597 | D:14     | Noticed Agnes
 25599 | D:14     | Killed Agnes
 25990 | D:15     | Entered Level 15 of the Dungeon
 26012 | D:15     | Received a gift from Okawaru
 26037 | D:15     | Noticed a frost giant
 26223 | D:15     | Received a gift from Okawaru
 26445 | D:15     | Reached skill level 19 in Long Blades
 26462 | D:15     | Killed a frost giant
 26489 | D:14     | Reached XP level 16. HP: 36/128 MP: 9/16
 27379 | D:15     | Found Tavyf's General Store.
 27489 | D:15     | Found a staircase to the Depths.
 28009 | Depths:1 | Entered Level 1 of the Depths
 28023 | Depths:1 | Found a gateway to Hell.
 28029 | Depths:1 | Found a shimmering altar of Xom.
 28048 | Depths:1 | Received a gift from Okawaru
 28103 | Depths:1 | Identified a scroll of acquirement
 28862 | Depths:1 | Noticed a juggernaut
 29937 | Depths:1 | Received a gift from Okawaru
 29940 | Depths:1 | Got a pair of translucent boots {god gift}
 29951 | Depths:1 | Identified the +2 pair of boots of the Six Wishes {Str+2 Int+2 Stlth+} (Okawaru gifted it to you on level 1 of the Depths)
 30093 | Depths:1 | Paralysed by a floating eye for 2 turns
 30574 | Depths:1 | Killed a juggernaut
 30574 | Depths:1 | Reached skill level 20 in Long Blades
 30879 | Depths:1 | Reached XP level 17. HP: 126/136 MP: 17/17
 30986 | Depths:1 | Got a steaming ring mail
 30997 | Depths:1 | Identified the +2 ring mail "Cooh" {+Blink rF- rN+ MR++} (You found it on level 1 of the Depths)
 31483 | Depths:2 | Noticed the Enchantress
 32016 | Depths:2 | Found a gateway to a ziggurat.
 32047 | Depths:2 | Received a gift from Okawaru
 32066 | Depths:2 | Identified a +0 pair of boots of running (Okawaru gifted it to you on level 2 of the Depths)
 32559 | Depths:2 | Found Cenleyx's Armour Shop.
 32615 | Depths:2 | Found Zen Ren's Antique Armour Boutique.
 32990 | Depths:2 | Killed the Enchantress
 32992 | Depths:2 | Got faerie dragon scales
 33008 | Depths:2 | Identified the +6 faerie dragon scales {rElec rCorr} (You took it off the Enchantress on level 2 of the Depths)
 33053 | Depths:2 | Received a gift from Okawaru
 33116 | Depths:2 | Noticed a titan
 33965 | Depths:2 | Reached XP level 18. HP: 135/147 MP: 15/18
 34142 | Depths:2 | Received a gift from Okawaru
 34511 | Depths:3 | Noticed Jorgrun
 34980 | Depths:3 | Found Udiadeo's Food Boutique.
 35135 | Depths:2 | Killed Jorgrun
 35715 | Depths:3 | Noticed Jory
 36078 | Depths:2 | Killed Jory
 36278 | Depths:3 | Noticed a tentacled monstrosity
 36287 | Depths:3 | Killed a tentacled monstrosity
 36810 | Depths:3 | Received a gift from Okawaru
 36835 | Depths:3 | Got a bloodstained cloak {god gift}
 36848 | Depths:2 | Identified the +1 cloak of Midnight {rC+ MR+} (Okawaru gifted it to you on level 3 of the Depths)
 37603 | Depths:3 | Found Ticuv's Antique Armour Shop.
 37790 | Depths:3 | Reached skill level 15 in Fighting
 37798 | Depths:3 | Learned a level 1 spell: Summon Butterflies
 38175 | Depths:3 | Reached skill level 10 in Armour
 38192 | Depths:3 | Found Heusmoug's General Store.
 38196 | Depths:3 | Found Ogibidyo's Assorted Antiques.
 38204 | Depths:3 | Bought a scroll of teleportation for 81 gold pieces
 38204 | Depths:3 | Bought a scroll of enchant armour for 202 gold pieces
 38204 | Depths:3 | Bought a scroll of magic mapping for 94 gold pieces
 38242 | Depths:3 | Reached skill level 10 in Dodging
 38272 | Depths:3 | Reached skill level 1 in Spellcasting
 38276 | Depths:3 | Bought a scroll of acquirement for 884 gold pieces
 38280 | Depths:3 | Got a pair of spiked boots
 38291 | Depths:3 | Identified the +0 pair of boots of Discretion {rElec Slay+2 SInv} (You acquired it on level 3 of the Depths)
 38724 | Depths:3 | HP: 5/149 [fire giant simulacrum (9)]
 38727 | Depths:3 | Slain by a fire giant simulacrum

Skill      XL: |  1  2  3  4  5  6  7  8  9 10 11 12 13 14 15 16 17 18 |
---------------+-------------------------------------------------------+-----
Long Blades    | 2 3 4 6 7 8 10 12 14 15 16 17 19 20 | 20.8
Fighting       | 4 5 6 7 8 9 10 11 12 13 14 15 | 15.2
Dodging        | 2 4 5 6 7 9 10 | 10.1
Armour         | 4 5 6 7 9 10 | 10.1
Spellcasting   | 2 |  2.3
Shields        | |  2.4

Action                   |  1- 3 |  4- 6 |  7- 9 | 10-12 | 13-15 | 16-18 || total
-------------------------+-------+-------+-------+-------+-------+-------++-------
Melee: Long sword        |    96 |   344 |   292 |       |       |       ||   732
       Falchion          |       |       |   148 |   268 |       |       ||   416
       Great sword       |       |       |       |   292 |   971 |   907 ||  2170
Throw: Tomahawk          |       |     2 |     7 |       |       |       ||     9
 Cast: Summon Butterflie |       |       |       |       |       |     3 ||     3
Invok: Heroism           |       |       |     3 |     6 |    21 |    17 ||    47
       Finesse           |       |       |       |       |       |     1 ||     1
Evoke: Wand              |       |     4 |     7 |     8 |     6 |       ||    25
       Sack of spiders   |       |       |       |       |       |     4 ||     4
  Use: Scroll            |       |       |    10 |     4 |     5 |    13 ||    32
 Stab: Distracted        |       |       |       |       |       |     2 ||     2
       Sleeping          |       |       |       |       |       |     4 ||     4
Armor: Scale mail        |    47 |   116 |    27 |       |       |       ||   190
       Plate armour      |       |       |   236 |   269 |   484 |   258 ||  1247
       Acid dragon scale |       |       |       |       |       |   143 ||   143
Dodge: Dodged            |    39 |    79 |    69 |    98 |   476 |   564 ||  1325
Block: Shield            |    52 |   127 |   200 |    87 |       |       ||   466
       Rpst.: Long sword |    10 |    23 |    17 |       |       |       ||    50
       Falchion          |       |       |     7 |     6 |       |       ||    13
       Great sword       |       |       |       |    26 |   112 |   117 ||   255
